 Dungeon Crawl Stone Soup version 0.23.2-1-ga50397a (webtiles) character file.

Game seed: 16022137679957665545

7 MalarOregon the Sneak (level 2, 0/19 HPs)
             Began as a Merfolk Enchanter on May 26, 2019.
             Slain by a jackal (1 damage)
             ... on level 1 of the Dungeon.
             The game lasted 00:00:43 (77 turns).

MalarOregon the Sneak (Merfolk Enchanter)             Turns: 77, Time: 00:00:44

Health: 0/19       AC:  2    Str:  8    XL:     2   Next: 0%
Magic:  5/5        EV: 13    Int: 14    God:
Gold:   0          SH:  0    Dex: 14    Spells: 4/5 levels left

rFire    + . .     SeeInvis .   a - +1 dagger
rCold    + . .     Gourm    .   (no shield)
rNeg     . . .     Faith    .   b - +0 robe
rPois    +         Spirit   .   (no helmet)
rElec    +         Reflect  .   (no cloak)
rCorr    +         Harm     .   (no gloves)
MR       .....                  (no boots)
Stlth    ++........             (no amulet)
HPRegen  0.06/turn              (no ring)
MPRegen  0.09/turn              (no ring)

@: resistant
A: change form in water, swift swim, stealthy swim
a: no special abilities


You were on level 1 of the Dungeon.
You were not hungry.

You visited 1 branch of the dungeon, and saw 1 of its levels.

Inventory:

Hand Weapons
 a - a +1 dagger (weapon)
Armour
 b - a +0 robe (worn)
Comestibles
 c - 5 chunks of flesh
 e - a ration {!d}


   Skills:
 + Level 1.5 Short Blades
 + Level 2.9 Dodging
 + Level 3.4 Stealth
 + Level 2.1 Spellcasting
 + Level 3.1 Hexes


You had 4 spell levels left.
You knew the following spells:

 Your Spells              Type           Power        Failure   Level  Hunger
a - Corona                Hex            ##.....      7%          1    ##.....

Your spell library contained the following spells:

 Spells                   Type           Power        Failure   Level  Hunger
 Ensorcelled Hibernation  Hex/Ice        #.....       19%         2    ###....
 Confuse                  Hex            ##......     21%         3    ####...
 Tukima's Dance           Hex            ##......     21%         3    ####...
 Dazzling Spray           Conj/Hex       #.....       36%         3    ####...


Dungeon Overview and Level Annotations

Branches:
Dungeon (1/15)

Altars:


Message History

A jackal comes into view.
You hit the jackal but do no damage. The jackal bites you.
The jackal misses you.
You miss the jackal. The jackal barely misses you.
You barely miss the jackal. The jackal closely misses you.
The hobgoblin misses you.
You hit the hobgoblin. The hobgoblin closely misses you.
You hit the hobgoblin.
The hobgoblin hits you but does no damage.
You hit the hobgoblin.
You kill the hobgoblin!
You miss the jackal. The jackal bites you. x2
You miss the jackal. The jackal misses you.
You hit the jackal but do no damage. The jackal barely misses you.
You hit the jackal. The jackal closely misses you. x2
You hit the jackal. The jackal bites you.
You barely miss the jackal. The jackal bites you.
* * * LOW HITPOINT WARNING * * *
Okay, then.
It was a potion of resistance.
You feel protected. The jackal barely misses you.
The jackal bites you but does no damage.
You aren't carrying any items that you can evoke.
You aren't carrying any scrolls.
You closely miss the jackal. The jackal closely misses you.
You closely miss the jackal. The jackal closely misses you.
You hit the jackal. The jackal barely misses you. The jackal bites you.
* * * LOW HITPOINT WARNING * * *
You hit the jackal.
You kill the jackal!
You barely miss the jackal.
The jackal bites you but does no damage.
The jackal barely misses you.
You hit the jackal. The jackal misses you.
You hit the jackal.
You kill the jackal!
You have reached level 2!
The jackal bites you.
* * * LOW HITPOINT WARNING * * *
You closely miss the jackal. The jackal closely misses you.
You hit the jackal. The jackal bites you.
* * * LOW HITPOINT WARNING * * *
You hit the jackal. The jackal misses you. x2
You hit the jackal but do no damage. The jackal closely misses you.
You closely miss the jackal. The jackal closely misses you.
You hit the jackal but do no damage. The jackal bites you.
* * * LOW HITPOINT WARNING * * *
You barely miss the jackal. The jackal bites you.
You die...

#..##P...P#.#
##.###...##.#
#.##P...P#.#
####'###...##h#
#.....#P...P#.#
#.....##...##h#
..)#.....##.<.#.h#
#(....รท.######.#
.........#.@hh..#
......#....##.###
......##.####+#
...... #.. ######
##.. .. ... #.#


You could see 2 jackals.

Vanquished Creatures
  A goblin (D:1)
  2 hobgoblins (D:1)
  2 jackals (D:1)
5 creatures vanquished.

Notes
Turn   | Place    | Note
-------+----------+-------------------------------------------
     0 | D:1      | MalarOregon the Merfolk Enchanter began the quest for the
                  | Orb.
     0 | D:1      | Reached XP level 1. HP: 13/13 MP: 3/3
    70 | D:1      | Reached XP level 2. HP: 5/19 MP: 5/5
    77 | D:1      | Slain by a jackal

Action                   || total
-------------------------++-------
Melee: Dagger            ||    34
  Use: Potion            ||     1
Armor: Robe              ||     4
Dodge: Dodged            ||    25
